 Dungeon Crawl Stone Soup version 0.19.1-1-g22dce08 (webtiles) character file.

226 theAP the Skirmisher (level 6, 0/40 HPs)
             Began as a Gargoyle Fighter on Jan 2, 2017.
             Was an Initiate of Ashenzari.
             Killed by divine providence
             ... invoked by an orc priest
              (17 damage)
             ... on level 4 of the Dungeon on Jan 3, 2017.
             The game lasted 00:12:24 (2408 turns).

theAP the Skirmisher (Gargoyle Fighter)             Turns: 2408, Time: 00:12:25

Health: 0/40       AC: 15    Str: 26    XL:     6   Next: 1%
Magic:  6/6        EV:  6    Int: 14    God:    Ashenzari [......]
Gold:   202        SH:  9    Dex:  9    Spells: 0 memorised, 5 levels left

rFire  . . .     SeeInvis .     a - +0 flail
rCold  . . .     Gourm    .     n - +2 chain mail (curse)
rNeg   + . .     Faith    .     c - +0 shield (curse)
rPois  ∞         Spirit   .     (no helmet)
rElec  +         Reflect  .     (no cloak)
rCorr  .         Harm     .     (no gloves)
MR     +....                    (no boots)
Stlth  ..........               (no amulet)
                                (no ring)
                                l - ring of protection from magic

@: mighty, brilliant, invisible
A: negative energy resistance 1, electricity resistance, unbreathing,
petrification resistance, rot immunity, AC +4
a: Curse Item, Renounce Religion


You were on level 4 of the Dungeon.
You worshipped Ashenzari.
Ashenzari was noncommittal.
You were not hungry.

You visited 1 branch of the dungeon, and saw 4 of its levels.

You collected 202 gold pieces.

Inventory:

Hand Weapons
 a - a +0 flail (weapon)
Armour
 b - a +0 scale mail
 c - a cursed +0 shield (worn)
 n - a cursed +2 chain mail (worn)
Jewellery
 l - a ring of protection from magic (left hand)
Scrolls
 e - a scroll of remove curse
 k - a scroll of recharging
 o - a scroll of immolation
Potions
 i - a potion of berserk rage {unknown}
Comestibles
 f - 3 bread rations
 m - 2 meat rations


   Skills:
 + Level 5.0 Fighting
 * Level 4.6 Maces & Flails
 - Level 3.4 Armour
 - Level 3.5 Shields


You had 5 spell levels left.
You didn't know any spells.

Dungeon Overview and Level Annotations

Branches:
Dungeon (4/15)
 Temple: D:4-7

Altars:
Ashenzari
Hepliaklqana
Nemelex Xobeh
Ru

Annotations:
D:4 terep12's ghost, amateur GrBe


Innate Abilities, Weirdness & Mutations

You are resistant to torment.
Your stone body is resilient. (AC +4)
You are immune to poison.
You resist negative energy. (rN+)
You are resistant to electric shocks. (rElec)
You can survive without breathing.
You are immune to petrification.
You are immune to rotting.


Message History

Terep12's ghost hits you.
* * * LOW HITPOINT WARNING * * *
The orc priest casts a cantrip, but nothing happens.
Terep12's ghost hits you but does no damage.
The orc priest mumbles some strange prayers to Beogh against you.
Beogh smites you!
* * * LOW HITPOINT WARNING * * *
Unknown command.
It was a potion of curing.
You feel better.
Terep12's ghost hits you but does no damage.
You feel better. Terep12's ghost barely misses you.
It was a potion of brilliance.
You feel clever all of a sudden. You block terep12's ghost's attack.
It was a potion of invisibility.
You fade into invisibility!
You block terep12's ghost's attack.
The orc priest calls down the wrath of Beogh upon you.
Beogh smites you!
You die...

#...# #...# #....
#...# #...##
#....+ #....#
#.<..# #.@..#
##W###
####ooo##########
#................
#................
#............##.
##.......##[.#
#.......# ..#
#.......# ..#


You could see an orc priest, terep12's ghost and 2 orcs.

Vanquished Creatures
  A crimson imp (D:3)
  An orc priest (D:3)
  A hound (D:3)
  3 adders
  3 oozes
  A worm (D:3)
  5 dart slugs
  2 leopard geckos
  4 orcs
  2 giant cockroaches
  14 goblins
  12 hobgoblins
  4 jackals (D:1)
  6 kobolds
  A ball python (D:1)
  A bat (D:2)
  6 frilled lizards
  5 rats
72 creatures vanquished.

Notes
Turn   | Place    | Note
-------+----------+-------------------------------------------
     0 | D:1      | theAP the Gargoyle Fighter began the quest for the Orb.
     0 | D:1      | Reached XP level 1. HP: 14/14 MP: 1/1
    98 | D:1      | Reached XP level 2. HP: 15/19 MP: 2/2
   476 | D:1      | Reached XP level 3. HP: 22/24 MP: 3/3
   615 | D:1      | Reached skill level 4 in Fighting
   863 | D:2      | Found a faded altar of an unknown god.
   902 | D:2      | Reached XP level 4. HP: 29/29 MP: 4/4
  1473 | D:3      | Found a hazy altar of Hepliaklqana.
  1474 | D:3      | Found a sparkling altar of Nemelex Xobeh.
  1474 | D:3      | Found a sacrificial altar of Ru.
  1477 | D:3      | Found a shattered altar of Ashenzari.
  1527 | D:3      | Reached XP level 5. HP: 32/34 MP: 5/5
  1534 | D:3      | Became a worshipper of Ashenzari the Shackled
  1925 | D:3      | Reached skill level 5 in Fighting
  2305 | D:3      | Reached XP level 6. HP: 39/40 MP: 6/6
  2377 | D:4      | Noticed terep12's ghost (amateur GrBe)
  2404 | D:4      | HP: 1/40 [orc priest/divine providence (10)]
  2408 | D:4      | Killed from afar by an orc priest

Skill      XL: |  1  2  3  4  5 |
---------------+----------------+-----
Fighting       | 4 5 |  5.0
Maces & Flails | 3 4 |  4.6
Armour         | |  3.4
Shields        | |  3.5

Action                   |  1- 3 |  4- 6 || total
-------------------------+-------+-------++-------
Melee: Flail             |   138 |   228 ||   366
Invok: Curse Item        |       |     1 ||     1
  Use: Scroll            |     1 |     7 ||     8
       Potion            |       |     5 ||     5
  Eat: Chunk             |       |     6 ||     6
Armor: Scale mail        |    87 |    13 ||   100
       Chain mail        |       |   123 ||   123
Dodge: Dodged            |    44 |    46 ||    90
Block: Shield            |    76 |   107 ||   183
